 Dungeon Crawl Stone Soup version 0.28-a0-1415-g7c84da036a (webtiles) character file.

Game seed: 12918912110472443925

43 croobank the Vexing (level 3, 0/27 HPs)
             Began as a Formicid Arcane Marksman on Jan 7, 2022.
             Slain by a hobgoblin (5 damage)
             ... on level 2 of the Dungeon.
             The game lasted 00:07:05 (1307 turns).

croobank the Vexing (Formicid Arcane Marksman)      Turns: 1307, Time: 00:07:06

Health: 0/27       AC:  2    Str: 14    XL:     3   Next: 82%
Magic:  3/5        EV: 12    Int: 14    God:
Gold:   62         SH:  0    Dex: 11    Spells: 4/5 levels left

rFire   . . .      SeeInvis +   a - +0 short sword
rCold   . . .      Faith    .   (no shield)
rNeg    . . .      Spirit   .   d - +0 robe
rPois   .          Reflect  .   (helmet unavailable)
rElec   .          Harm     .   (no cloak)
rCorr   .          Rampage  .   (no gloves)
Will    .....                   (no boots)
Stlth   +.........              (no amulet)
HPRegen 0.09/turn               (no ring)
MPRegen 0.09/turn               (no ring)

@: no status effects
A: permanent stasis, dig shafts and tunnels, antennae 3, four strong arms
a: Dig, Shaft Self


You were on level 2 of the Dungeon.
You visited 1 branch of the dungeon, and saw 2 of its levels.

You collected 62 gold pieces.

Inventory:

Hand Weapons
 a - a +0 short sword (weapon)
 b - a +0 hunting sling
Missiles
 c - 6 sling bullets
 e - 20 stones (quivered)
Armour
 d - a +0 robe (worn)
Scrolls
 g - a scroll of magic mapping {unknown}
 h - a scroll of immolation {unknown}
 i - a scroll of blinking {unknown}
Potions
 f - a potion of curing


   Skills:
 + Level 2.0 Fighting
 + Level 0.6 Short Blades
 + Level 2.6 Slings
 + Level 2.2 Dodging
 + Level 1.6 Spellcasting
 + Level 3.9 Hexes


You had 4 spell levels left.
You knew the following spells:

 Your Spells              Type           Power      Damage    Failure   Level
a - Slow                  Hex            48%        N/A       4%          1

Your spell library contained the following spells:

 Spells                   Type           Power      Damage    Failure   Level
 Inner Flame              Hex/Fire       6%         N/A       32%         3
 Portal Projectile        Hex/Tloc       12%        N/A       32%         3
 Cause Fear               Hex            6%         N/A       43%         4


Dungeon Overview and Level Annotations

Branches:
Dungeon (2/15)

Altars:


Innate Abilities, Weirdness & Mutations

You cannot be hasted, slowed, berserked, paralysed or teleported.
You can dig through walls and to a lower floor.
You have a pair of large antennae on your head. (SInv)
Your four strong arms can wield two-handed weapons with a shield.


Message History

The hobgoblin is severely wounded.
The hobgoblin hits you but does no damage.
You hit the hobgoblin but do no damage.
The hobgoblin is severely wounded.
The hobgoblin drinks a potion.
The hobgoblin is healed!
You hit the hobgoblin but do no damage. The hobgoblin closely misses you.
You hit the hobgoblin but do no damage. You hit the hobgoblin but do no damage.
The hobgoblin closely misses you.
You hit the hobgoblin but do no damage. The hobgoblin barely misses you.
You closely miss the hobgoblin. You hit the hobgoblin but do no damage.
The hobgoblin misses you.
You hit the hobgoblin.
The hobgoblin is moderately wounded.
The hobgoblin hits you.
* * * LOW HITPOINT WARNING * * *
You barely miss the hobgoblin.
The hobgoblin is moderately wounded.
The hobgoblin hits you but does no damage.
You barely miss the hobgoblin.
The hobgoblin is moderately wounded.
You hit the hobgoblin but do no damage.
The hobgoblin is moderately wounded.
The hobgoblin is no longer moving slowly.
The hobgoblin closely misses you.
Casting: Slow (safe; 4% risk of failure)
Confirm with . or Enter, or press ? or * to list all spells.
Aiming: Slow (safe; 4% risk of failure)
Press: ? - help, Shift-Dir - straight line, f/p - hobgoblin
Aim: a hobgoblin, wearing a +0 ring mail and quivering stones (moderately wounded, chance to affect: 68%)
The hobgoblin seems to slow down.
The hobgoblin closely misses you.
Casting: Slow (safe; 4% risk of failure)
Confirm with . or Enter, or press ? or * to list all spells.
Aiming: Slow (safe; 4% risk of failure)
Press: ? - help, Shift-Dir - straight line, f/p - hobgoblin
Aim: a hobgoblin, wearing a +0 ring mail and quivering stones (moderately wounded, slow, chance to affect: 68%)
The hobgoblin seems to slow down.
The hobgoblin closely misses you.
You completely miss the hobgoblin.
The hobgoblin is moderately wounded.
The hobgoblin hits you.
You die...

{ ######## #.......
........ ..#####.
####.######.. #
............. ##.
#######.##...#####..
(... #..@g........#
##. ##...
#.####..##...######.
...((.##.###...##
#......
#..(.....g.#..#
#.####.
#.....#.####†...# #
#.####.
#.###.#.###.....#.#
#.##...
#.....#.##....#
#.##.##
.#.#...##.#..#
#.##.##
..#.###.##...##
#.##.##


You could see a hobgoblin (slow).

Vanquished Creatures
  An adder (D:2)
  A worm (D:2)
  3 ball pythons
  3 endoplasms
  A giant cockroach (D:1)
  5 goblins (D:1)
  4 hobgoblins (D:1)
  2 bats
  2 frilled lizards (D:1)
  3 kobolds
  5 rats
30 creatures vanquished.

Notes
Turn   | Place    | Note
-------+----------+-------------------------------------------
     0 | D:1      | croobank the Formicid Arcane Marksman began the quest for
                  | the Orb.
     0 | D:1      | Reached XP level 1. HP: 15/15 MP: 2/2
   102 | D:1      | Reached XP level 2. HP: 21/21 MP: 3/3
   433 | D:1      | Reached XP level 3. HP: 15/26 MP: 5/5
  1307 | D:2      | Slain by a hobgoblin

Illustrated notes

Levels and vault maps discovered:
D:1:      dpeg_arrival_round_b, layout_rooms
D:2:      layout_loops_ring, kennysheep_nub

Skill      XL: |  1  2  3 |
---------------+----------+-----
Dodging        | 2 |  2.2
Fighting       | 2 |  2.0
Short Blades   | |  0.6
Slings         | |  2.6
Spellcasting   | |  1.6
Hexes          | |  3.9

Action                   || total
-------------------------++-------
Melee: Short sword       ||    90
 Fire: Hunting sling     ||    56
Throw: Stone             ||     2
 Cast: Slow              ||     5
  Use: Potion            ||     1
Armor: Robe              ||    25
Dodge: Dodged            ||    56

Table legend: (Time is in decaauts)
 A = Elapsed time spent in this place.
 B = Non-inter-level travel time spent in this place.
 C = Inter-level travel time spent in this place.
 D = Time resting spent in this place.
 E = Time spent auto-exploring this place.
 F = Levels seen in this place.
 G = Mean time per level.
                   A        B        C        D        E       F      G
               +--------+--------+--------+--------+--------+-----+--------+
         Total |   1312 |   1300 |     12 |    641 |    260 |   2 |  656.0 |
       Dungeon |   1312 |   1300 |     12 |    641 |    260 |   2 |  656.0 |
               +--------+--------+--------+--------+--------+-----+--------+

Top non-repeatable levels by time:
     D:1: 939 daAuts
     D:2: 373 daAuts
